 Dungeon Crawl Stone Soup version 0.28.0-43-g3370ac3207 (webtiles) character file.

Game seed: 18322470840123646292

1284 Kraken2834 the Cleaver (level 8, -5/74 HPs)
             Began as a Hill Orc Monk on Mar 12, 2022.
             Was a Follower of Beogh.
             Slain by Duvessa
             ... wielding a +3 short sword of holy wrath
              (11 damage)
             ... on level 5 of the Dungeon.
             The game lasted 00:11:18 (8129 turns).

Kraken2834 the Cleaver (Hill Orc Monk)              Turns: 8129, Time: 00:11:18

Health: -5/74      AC: 18    Str: 18    XL:     8   Next: 55%
Magic:  18/18      EV:  6    Int: 13    God:    Beogh [*.....]
Gold:   169        SH:  0    Dex: 13    Spells: 7/7 levels left

rFire   + + +      SeeInvis .   a - +0 hand axe
rCold   . . .      Faith    .   (no shield)
rNeg    . . .      Spirit   .   j - +0 plate armour
rPois   .          Reflect  .   h - +1 helmet
rElec   .          Harm     .   (no cloak)
rCorr   .          Rampage  .   f - +1 pair of gloves "Sade" {MP+9 Int+3}
Will    .....                   i - +0 pair of boots of Patience {rF+++ Str+2 Slay-4}
Stlth   ..........              (no amulet)
HPRegen 0.22/turn               (no ring)
MPRegen 0.16/turn               (no ring)

@: lit by a corona, glowing
A: no striking features
a: Renounce Religion


You were on level 5 of the Dungeon.
You worshipped Beogh.
Beogh was aware of your devotion.
You visited 1 branch of the dungeon, and saw 6 of its levels.

You collected 169 gold pieces.

Inventory:

Hand Weapons
 a - a +0 hand axe (weapon)
Armour
 f - the +1 pair of gloves "Sade" (worn) {MP+9 Int+3}
   (You found it on level 4 of the Dungeon)

   Int:       It affects your intelligence (+3).
   MP:        It affects your magic capacity (+9).
 h - a +1 helmet (worn)
 i - the +0 pair of boots of Patience (worn) {rF+++ Str+2 Slay-4}
   (You found it on level 5 of the Dungeon)

   Str:       It affects your strength (+2).
   Slay:      It affects your accuracy & damage with ranged weapons and melee
   (-4).
   rF:        It renders you almost immune to fire.
 j - a +0 plate armour (worn)
Wands
 b - a wand of polymorph (6)
 c - a wand of digging (2)
 l - a wand of iceblast (3)
Scrolls
 d - a scroll of enchant armour {unknown}
 e - a scroll of amnesia
 g - a scroll of identify
 k - a scroll of immolation {unknown}


   Skills:
 + Level 7.7 Fighting
 + Level 8.4 Axes
 + Level 6.1 Armour
 - Level 2.4 Dodging
 - Level 1.5 Stealth
 + Level 2.1 Invocations


You had 7 spell levels left.
You didn't know any spells.
Your spell library contained the following spells:

 Spells                   Type           Power      Damage    Failure   Level
 Animate Skeleton         Necr           0%         N/A       100%        1
 Apportation              Tloc           0%         N/A       100%        1
 Summon Small Mammal      Summ           0%         N/A       100%        1
 Frozen Ramparts          Ice            0%         1d2       100%        3
 Animate Dead             Necr           0%         N/A       100%        4
 Ice Form                 Ice/Tmut       0%         N/A       100%        4
 Summon Ice Beast         Ice/Summ       0%         N/A       100%        4
 Blade Hands              Tmut           0%         N/A       100%        5
 Irradiate                Conj/Tmut      0%         3d13      100%        5
 Dragon Form              Tmut           0%         N/A       100%        7
 Haunt                    Necr/Summ      0%         N/A       100%        7
 Infestation              Necr           0%         N/A       100%        8


Dungeon Overview and Level Annotations

Branches:
Dungeon (6/15)
 Temple: D:4-7

Altars:
Nemelex Xobeh
Uskayaw
Zin

Annotations:
D:5 Duvessa


Message History

You hit Duvessa but do no damage.
Duvessa hits you with a +3 short sword of holy wrath.
Duvessa hits you but does no damage.
You hit Dowan.
Dowan is heavily wounded.
You hit Duvessa. Dowan hits you but does no damage.
Duvessa hits you with a +3 short sword of holy wrath.
* * * LOW HITPOINT WARNING * * *
You hit Dowan.
Dowan is heavily wounded.
You hit Duvessa but do no damage.
Duvessa hits you with a +3 short sword of holy wrath.
* * * LOW HITPOINT WARNING * * *
Dowan completely misses you. Duvessa hits you but does no damage.
You hit Dowan.
Dowan is severely wounded.
You hit Duvessa but do no damage. Dowan hits you with a +3 dagger.
* * * LOW HITPOINT WARNING * * *
Duvessa hits you with a +3 short sword of holy wrath!
* * * LOW HITPOINT WARNING * * *
You hit Dowan.
Dowan is almost dead.
You hit Duvessa but do no damage. Duvessa hits you but does no damage.
Dowan points at you and mumbles some strange words.
The puff of flame hits you but does no damage.
You hit Dowan.
You kill Dowan!
Beogh accepts your kill.
Duvessa screams in rage.
Duvessa goes berserk!
You hit Duvessa but do no damage.
Duvessa hits you with a +3 short sword of holy wrath.
* * * LOW HITPOINT WARNING * * *
Duvessa hits you but does no damage.
Your Invocations skill increases to level 2!
Things that are here:
a +3 dagger; a +0 robe Duvessa hits you but does no damage.
There is an open door here.
Duvessa hits you with a +3 short sword of holy wrath!
You die...

##...## ..... #. ... #.
#.# ## #.# ##.## #)#
##...## ##'## ##.....##
##..e## #.......#
##....@## #.......#
#.......## ##.......#
#.........####........##
.'.........†.............
###.........####...##.#.##
##.......## ##.###.#.#
##.....## #.##....#
##...## #.##..#.# ##+#
#.##.##.#


You could see Duvessa (berserk, fast).

Vanquished Creatures
  A human (D:4)
  An ice beast (D:4)
  2 black bears
  A phantom (D:5)
  A bullfrog (D:5)
  A water moccasin zombie (D:5)
  2 scorpions (D:4)
  2 water moccasin skeletons
  Dowan (D:5)
  A howler monkey (D:4)
  A jelly (D:4)
  A hound (D:4)
  A bullfrog skeleton (D:3)
  A gnoll shaman (D:4)
  Natasha (thrice) (D:2)
  An iguana (D:4)
  A howler monkey skeleton (D:4)
  4 adders
  3 gnolls (D:4)
  A river rat (D:3)
  2 worms (D:3)
  2 dart slugs (D:1)
  3 orcs
  10 endoplasms
  4 giant cockroaches
  10 goblins
  2 hobgoblins
  2 jackals (D:4)
  A quokka (D:3)
  7 ball pythons
  3 bats
  2 frilled lizards (D:1)
  8 kobolds
  6 rats
92 creatures vanquished.

Vanquished Creatures (others)
  A plant (D:6)
1 creature vanquished.

Grand Total: 93 creatures vanquished

Notes
Turn   | Place    | Note
-------+----------+-------------------------------------------
     0 | D:1      | Kraken2834 the Hill Orc Monk began the quest for the Orb.
     0 | D:1      | Reached XP level 1. HP: 19/19 MP: 1/1
   187 | D:1      | Reached XP level 2. HP: 27/27 MP: 2/2
   190 | D:1      | Reached skill level 1 in Armour
   988 | D:2      | Noticed Natasha
   999 | D:2      | Noticed a crimson imp
   999 | D:2      | Killed Natasha
  1000 | D:2      | Reached XP level 3. HP: 6/34 MP: 3/3
  1647 | D:2      | Noticed Natasha
  1658 | D:2      | Killed Natasha
  1659 | D:2      | Reached skill level 5 in Axes
  1659 | D:2      | Reached XP level 4. HP: 31/41 MP: 4/4
  1790 | D:2      | You fall into a shaft and drop 2 floors!
  1820 | D:4      | Found a sparkling altar of Nemelex Xobeh.
  2388 | D:2      | Noticed Natasha
  2405 | D:2      | Killed Natasha
  2989 | D:3      | Noticed a black bear
  3002 | D:3      | HP: 2/41 [black bear (3)]
  3005 | D:3      | Killed a black bear
  3006 | D:3      | Reached skill level 5 in Fighting
  3006 | D:3      | Reached XP level 5. HP: 2/48 MP: 5/5
  3352 | D:3      | Found a glowing silver altar of Zin.
  3625 | D:3      | Reached XP level 6. HP: 43/56 MP: 6/6
  4000 | D:3      | Found a hide-covered altar of Uskayaw.
  4072 | D:3      | Reached skill level 6 in Axes
  4471 | D:4      | Noticed a yak
  5375 | D:4      | Identified the +1 pair of gloves "Sade" {MP+9 Int+3}
  5464 | D:4      | Reached XP level 7. HP: 63/63 MP: 7/7
  5763 | D:4      | Reached skill level 7 in Axes
  5810 | D:5      | Entered Level 5 of the Dungeon
  6130 | D:4      | Reached skill level 5 in Armour
  6322 | D:4      | Noticed a human
  6322 | D:4      | a yak changed into a human
  6343 | D:4      | Killed a human
  6344 | D:4      | Reached XP level 8. HP: 58/73 MP: 8/8
  6859 | D:5      | Reached skill level 8 in Axes
  7176 | D:5      | Became a worshipper of Beogh the Brigand
  7176 | D:5      | Reached * piety under Beogh
  7176 | D:5      | Reached ** piety under Beogh
  7237 | D:5      | Noticed Dowan
  7238 | D:5      | Noticed Duvessa
  7271 | D:5      | HP: 2/73 [Duvessa/+3 short sword of holy wrath (11)]
  7827 | D:5      | Reached skill level 1 in Invocations
  8084 | D:5      | Identified the +0 pair of boots of Patience {rF+++ Str+2
                  | Slay-4}
  8125 | D:5      | Killed Dowan
  8129 | D:5      | Slain by Duvessa

Illustrated notes

Levels and vault maps discovered:
D:1:      dpeg_arrival_arbitrary_c, layout_basic
D:2:      layout_loops_ring, uniq_natasha
D:3:      layout_basic, lemuel_round_altar, lemuel_tele_altar,
          gup_sewer_entry_bowl, kennysheep_nondescript, minmay_pentangle
D:4:      minmay_clustersquares, layout_loops_ring,
          nemelex_diamond_rough_becter, grunt_decor_arrowhead,
          kennysheep_cross_room
D:5:      layout_loops_corners, ebering_ghost_reflecting_pool, uniq_duvessa
D:6:      layout_loops_ring, corexii_shack, kennysheep_opposing_triangles,
          uniq_edmund, uniq_prince_ribbit1

Skill      XL: |  1  2  3  4  5  6  7  8 |
---------------+-------------------------+-----
Armour         | 1 2 3 4 5 6 |  6.1
Fighting       | 4 5 6 7 |  7.7
Axes           | 5 6 7 8 |  8.4
Invocations    | 2 |  2.1
Dodging        | |  2.4
Stealth        | |  1.5

Action                   |  1- 3 |  4- 6 |  7- 9 || total
-------------------------+-------+-------+-------++-------
Melee: Hand axe          |    86 |   164 |   266 ||   516
       Punch             |     1 |     2 |     4 ||     7
Invok: Smiting           |       |       |     1 ||     1
       Convert to Beogh  |       |       |     1 ||     1
Evoke: Wand              |       |     2 |     3 ||     5
  Use: Potion            |       |     4 |     2 ||     6
       Scroll            |       |     2 |     2 ||     4
 Stab: Sleeping          |     1 |     2 |     1 ||     4
Armor: Robe              |     4 |       |       ||     4
       Leather armour    |    26 |    37 |    38 ||   101
       Skin              |       |     8 |       ||     8
       Plate armour      |       |       |    97 ||    97
Dodge: Dodged            |    57 |    89 |    95 ||   241
